 Dungeon Crawl Stone Soup version 0.13.2 (webtiles) character file.

17780 RepoMan the Cloud Mage (level 12, -13/86 HPs)
             Began as a Green Draconian Air Elementalist on Apr 4, 2014.
             Was a High Priest of Okawaru (penitent).
             Killed from afar by a fire giant (33 damage)
             ... with a bolt of fire
             ... created by the fury of Okawaru
             ... on Level 13 of the Dungeon on Apr 6, 2014.
             The game lasted 03:26:36 (16414 turns).

RepoMan the Cloud Mage (DrAE)                      Turns: 16414, Time: 03:26:36

HP -13/86        AC 12     Str 14      XL: 12   Next: 12%
MP  28/28        EV 13     Int 22      God: *Okawaru
Gold 1071        SH  0     Dex 12      Spells:  6 memorised, 14 levels left

Res.Fire  : . . .   See Invis. : .   A - +3,+1 falchion (elec)
Res.Cold  : . . .   Warding    : .   (armour unavailable)
Life Prot.: . . .   Conserve   : .   (no shield)
Res.Poison: +       Res.Corr.  : .   d - +2 wizard hat {MR+}
Res.Elec. : .       Clarity    : .   g - +1 dwarf cloak
Sust.Abil.: . .     Spirit.Shd : .   M - -1 pair of gauntlets
Res.Mut.  : .       Stasis     : .   (no boots)
Res.Rott. : .       Flight     : .   (no amulet)
Saprovore : . . .                    H - +3 ring of intelligence
                                     (no ring)

@: short of breath, quite resistant to hostile enchantments, unstealthy
A: breathe noxious fumes, unfitting armour, poison resistance, AC +8, Str +2
a: Breathe Noxious Fumes, Renounce Religion


You were on level 13 of the Dungeon.
You worshipped Okawaru.
Okawaru was demanding penance.
You were not hungry.

You visited 2 branches of the dungeon, and saw 14 of its levels.
You also visited: Sewer and Ossuary.

You collected 1051 gold pieces.

Inventory:

Hand weapons
 s - a +4,+2 quarterstaff of chaos
 t - a +1 blowgun
 A - a +3,+1 falchion of electrocution (weapon)
Missiles
 e - 11 poisoned needles
 S - 9 curare-tipped needles
Armour
 d - a +2 wizard hat of magic resistance (worn)
 g - a +1 dwarven cloak (worn)
 M - a -1 pair of gauntlets (worn)
 V - a +0 cloak of darkness
Magical devices
 b - a wand of random effects (12)
 f - a wand of flame (0)
 h - a wand of draining (6)
 o - a wand of frost (0)
 E - a wand of enslavement (12) {unknown}
 G - a wand of frost (15)
 N - a wand of paralysis (8)
 T - a wand of digging (8)
 U - a wand of fire (7)
 X - a wand of cold (0)
Comestibles
 c - 2 bread rations
 u - 5 meat rations
Scrolls
 a - 5 scrolls of curse weapon {unknown}
 i - 5 scrolls of identify
 l - 6 scrolls of remove curse
 m - a scroll of blinking {unknown}
 p - 2 scrolls of magic mapping {unknown}
 v - 8 scrolls of enchant armour
 w - a scroll of curse jewellery {unknown}
 B - 2 scrolls of enchant weapon II
 K - a scroll of enchant weapon I
 O - 2 scrolls of immolation {unknown}
 P - 2 scrolls of fog {unknown}
 R - a scroll of holy word {unknown}
Jewellery
 j - an uncursed amulet of stasis
 H - a +3 ring of intelligence (right hand)
 W - the ring of Fodinergh {Hunger +Blink +Fly rElec}
   (You found it on level 12 of the Dungeon)

   [ring of hunger]

   It insulates you from electricity.
   It lets you fly.
   It lets you blink.
Potions
 n - 3 potions of restore abilities
 q - 10 potions of curing
 r - a potion of flight {unknown}
 x - a potion of speed
 z - 2 potions of paralysis {unknown}
 C - 2 potions of slowing {unknown}
 D - 3 potions of might
 I - 2 potions of invisibility
 J - 2 potions of agility
 L - 2 potions of magic {unknown}
 Q - 2 potions of poison {unknown}
Books
 y - a book of Summonings

   Spells                             Type                      Level
   Abjuration                         Summoning                    3
   Recall                             Summoning/Translocation      3
   Summon Elemental                   Summoning                    4
   Shadow Creatures                   Summoning                    5
   Summon Demon                       Summoning                    5
   Summon Ugly Thing                  Summoning                    6
 Y - the Incunabulum of the Lucky Voyage
   (You found it on level 12 of the Dungeon)

   Spells                             Type                      Level
   *Apportation                       Translocation                1
   Shroud of Golubria                 Charms/Translocation         2
   Portal Projectile                  Translocation                2
   Regeneration                       Charms/Necromancy            3
   Passage of Golubria                Translocation                4


   Skills:
 + Level 3.6 Fighting
 * Level 5.0 Long Blades
 + Level 3.9 Dodging
 - Level 1.7 Stealth
 + Level 8.9 Spellcasting
 + Level 9.6 Conjurations
 + Level 12.8 Air Magic


You had 14 spell levels left.
You knew the following spells:

 Your Spells              Type           Power        Failure   Level  Hunger
a - Shock                 Conj/Air       ####         1%          1    None
b - Swiftness             Chrm/Air       #####.....   1%          2    None
e - Lightning Bolt        Conj/Air       ######....   1%          5    ####...
g - Apportation           Tloc           #.........   10%         1    None
h - Flight                Chrm/Air       #####.....   1%          3    None
r - Repel Missiles        Chrm/Air       #####.....   1%          2    None


Dungeon Overview and Level Annotations

Branches:
Dungeon (13/27)            Temple (1/1) D:4             Orc (0/4) D:6
   Lair (0/8) D:13

Altars:
Ashenzari
Cheibriados
Elyvilon
Fedhas
Kikubaaqudgha
Makhleb
Nemelex Xobeh
Okawaru
Sif Muna
Trog
Vehumet
Xom
Yredelemnul
Zin
the Shining One

Shops:
D:4 +   D:11 (

Annotations:
D:13 Sonja


Innate Abilities, Weirdness & Mutations

You can breathe blasts of noxious fumes.
Your lurid green scales are hard (AC +8).
Your body does not fit into most forms of armour.
Your cold-blooded metabolism reacts poorly to cold.
Your system is resistant to poisons.
Your muscles are strong. (Str +2)


Message History

Aim: a fire giant, wielding a great sword of flaming (moderately wounded, bewildered and confused, durably summoned)
The bolt of cold hits the fire giant.
The fire giant is heavily wounded.
Evoke which item? (* to show all) (? for menu, Esc to quit)
Zapping:
X - a wand of cold {zapped: 3}
Press: ? - help, Shift-Dir - straight line, f/p - fire giant
Aim: a fire giant, wielding a great sword of flaming (heavily wounded, bewildered and confused, durably summoned) Nothing appears to happen.
Evoke which item? (* to show all) (? for menu, Esc to quit)
Zapping:
h - a wand of draining {zapped: 1}
Press: ? - help, Shift-Dir - straight line, f/p - fire giant
Aim: a fire giant, wielding a great sword of flaming (heavily wounded, bewildered and confused, durably summoned, fire blocked by a translucent rock wall)
Okay, then.
Drink which item? (? for menu, Esc to quit)
You feel better.
The fire giant seems less confused.
Drink which item? (? for menu, Esc to quit)
You feel better.
The fire giant gestures at you while chanting.
The bolt of fire hits you!
You die...

............................
.......................)....
..(.......<...#.#.#..........
.......)...oo.............)..
..............#.#.#).>..)).).
##########.#........########
#.#.#C#.#.## #.#.......#
#.@..###### ######


You could see a fire giant and an orc warrior (confused).

Vanquished Creatures
  A hydra (D:11)
  Erica (D:10)
  Nergalle (D:10)
  Erolcha (D:13)
  Joseph (D:9)
  4 hill giants
  A cyclops (D:12)
  2 deep elf priests (D:9)
  A komodo dragon (D:12)
  2 two-headed ogres
  2 slime creatures (D:13)
  A grizzly bear (D:12)
  An ugly thing (D:12)
  A wyvern (D:12)
  5 yaks
  2 shadows
  7 sharks (D:10)
  2 hungry ghosts
  Eustachio (D:4)
  3 hippogriffs
  A hill giant skeleton (D:12)
  2 manticores
  A soldier ant (D:11)
  The ghost of Bikaver the Ruinous, an average DECj (D:4)
  A swamp drake (D:6)
  Purgy (Sewer)
  4 sky beasts
  A black bear (D:8)
  A giant goldfish (D:10)
  8 orc warriors
  2 phantoms
  3 ogres
  Sigmund (D:2)
  2 centaurs
  A big kobold (D:12)
  A cyclops zombie (D:12)
  6 giant frogs
  2 yak zombies
  A yak skeleton (D:10)
  15 killer bees
  5 electric eels (D:10)
  5 goliath beetles
  3 orc priests
  7 crimson imps
  A giant frog zombie (D:12)
  5 hounds
  7 scorpions
  Crazy Yiuf (D:6)
  9 jellies
  13 orc wizards
  2 big fish (D:10)
  A giant frog skeleton (D:6)
  6 iguanas
  A spectral orc (D:10)
  12 worker ants
  Ijyb (D:2)
  11 mummies
  7 gnolls
  16 adders
  A white imp (D:4)
  A giant centipede (D:13)
  2 giant mites
  7 worms
  An adder zombie (D:6)
  A scorpion zombie (D:4)
  A giant eyeball (D:7)
  48 orcs
  18 bats
  3 giant cockroaches
  16 goblins
  20 hobgoblins
  17 kobolds
  7 quokkas
  3 ball pythons
  5 giant geckos
  3 giant newts
  A giant spore (D:6)
  A gnoll zombie (Ossuary)
  3 hobgoblin zombies (Ossuary)
  11 jackals
  2 kobold zombies (Ossuary)
  3 orc zombies
  19 rats
  6 ballistomycetes (D:6)
  A fungus (D:8)
409 creatures vanquished.

Notes
Turn   | Place    | Note
--------------------------------------------------------------
     0 | D:1      | RepoMan, the Draconian Air Elementalist, began the quest for the Orb.
     0 | D:1      | Reached XP level 1. HP: 14/14 MP: 3/3
   406 | D:1      | Reached XP level 2. HP: 20/20 MP: 1/4
   435 | D:1      | Learned a level 2 spell: Swiftness
   845 | D:2      | Reached XP level 3. HP: 22/26 MP: 0/6
  1153 | D:2      | Reached skill level 4 in Air Magic
  1308 | D:2      | Noticed Sigmund
  1316 | D:3      | Reached XP level 4. HP: 33/33 MP: 3/7
  1332 | D:3      | Learned a level 2 spell: Repel Missiles
  1612 | D:3      | Found a glowing drain.
  1616 | Sewer    | Entered a sewer
  1766 | Sewer    | Noticed Purgy
  1795 | Sewer    | Killed Purgy
  1795 | Sewer    | Reached XP level 5. HP: 34/38 MP: 3/10
  2035 | D:3      | Reached skill level 5 in Air Magic
  2478 | D:4      | Noticed Bikaver's ghost (average DECj)
  2633 | D:4      | Reached XP level 6. HP: 45/45 MP: 11/11
  2731 | D:4      | Noticed Eustachio
  2742 | D:4      | Killed Eustachio
  3098 | D:4      | Found Khevve Striza's Book Boutique.
  3112 | D:4      | Found a shimmering altar of Xom.
  3132 | D:4      | Found a staircase to the Ecumenical Temple.
  3138 | Temple   | Entered the Ecumenical Temple
  3375 | D:5      | Entered Level 5 of the Dungeon
  3444 | D:5      | Reached skill level 6 in Air Magic
  3444 | D:5      | Your scales start taking on a lurid green colour.
  3444 | D:5      | Gained mutation: Your system is resistant to poisons. [draconian maturity]
  3444 | D:5      | Reached XP level 7. HP: 46/50 MP: 8/14
  4465 | D:6      | Reached skill level 7 in Air Magic
  4517 | D:6      | Reached XP level 8. HP: 27/57 MP: 13/18
  4586 | D:6      | Reached skill level 5 in Conjurations
  4624 | D:6      | Found a sand-covered staircase.
  4680 | Ossuary  | Entered an ossuary
  5197 | Ossuary  | Gained mutation: Your muscles are strong. (Str +2) [potion of beneficial mutation]
  5210 | Ossuary  | Learned a level 5 spell: Lightning Bolt
  5214 | Ossuary  | Learned a level 3 spell: Flight
  5236 | D:6      | Reached skill level 8 in Air Magic
  5386 | D:6      | Found an iron altar of Okawaru.
  5392 | D:6      | Found a blossoming altar of Fedhas.
  5402 | D:6      | Became a worshipper of Warmaster Okawaru
  5428 | D:6      | Reached skill level 5 in Spellcasting
  5430 | D:6      | Found a staircase to the Orcish Mines.
  5568 | D:6      | Reached XP level 9. HP: 40/62 MP: 0/21
  5571 | D:6      | Acquired Okawaru's first power
  5590 | D:6      | Reached skill level 9 in Air Magic
  5754 | D:6      | Noticed Crazy Yiuf
  5755 | D:6      | Upgraded the game from 0.13.1-37-gb6f4c13 to 0.13.2
  5764 | D:6      | Killed Crazy Yiuf
  6625 | D:7      | Noticed a hill giant
  6680 | D:7      | Killed a hill giant
  6940 | D:7      | Reached skill level 10 in Air Magic
  7769 | D:4      | Killed Bikaver's ghost
  7812 | D:2      | Killed Sigmund
  7975 | D:2      | Noticed Ijyb
  7982 | D:2      | Killed Ijyb
  8049 | D:2      | Found a sparkling altar of Nemelex Xobeh.
  8721 | D:7      | Reached XP level 10. HP: 41/69 MP: 17/23
  9590 | D:9      | Noticed Joseph
  9614 | D:9      | Killed Joseph
  9614 | D:9      | Reached skill level 11 in Air Magic
  9775 | D:9      | Found a glowing silver altar of Zin.
  9848 | D:9      | Found a blossoming altar of Fedhas.
 10270 | D:10     | Entered Level 10 of the Dungeon
 10870 | D:10     | Reached skill level 12 in Air Magic
 11055 | D:10     | Noticed Erica
 11145 | D:10     | Killed Erica
 11145 | D:10     | Reached XP level 11. HP: 48/74 MP: 9/26
 11496 | D:10     | Acquired Okawaru's second power
 11618 | D:10     | Noticed a hill giant
 11639 | D:10     | Killed a hill giant
 11725 | D:10     | Noticed Nergalle
 12262 | D:10     | Killed Nergalle
 12262 | D:10     | Reached skill level 1 in Long Blades
 12644 | D:10     | Reached skill level 1 in Fighting
 12728 | D:11     | Found Kiogidap's Weapon Shop.
 12772 | D:11     | Noticed a six-headed hydra
 13340 | D:11     | Noticed a hill giant
 13365 | D:11     | Killed a hill giant
 13440 | D:11     | Killed a six-headed hydra
 13441 | D:11     | Received a gift from Okawaru
 13811 | D:12     | Got a faintly glowing lapis lazuli ring
 13812 | D:12     | Identified the ring of Fodinergh {Hunger +Blink +Fly rElec} (You found it on level 12 of the Dungeon)
 14033 | D:12     | Identified the Incunabulum of the Lucky Voyage (You found it on level 12 of the Dungeon)
 14036 | D:12     | Learned a level 1 spell: Apportation
 14151 | D:12     | Noticed a hill giant
 14166 | D:12     | Killed a hill giant
 14848 | D:12     | Was placed under penance by Okawaru
 15052 | D:13     | Noticed Sonja
 15702 | D:12     | Reached XP level 12. HP: 85/85 MP: 28/28
 15830 | D:13     | Found a bloodstained altar of Trog.
 15837 | D:13     | Found a staircase to the Lair.
 15837 | D:13     | Noticed Erolcha
 15846 | D:13     | Killed Erolcha
 16293 | D:13     | Reached skill level 5 in Long Blades
 16399 | D:13     | Noticed a fire giant
 16403 | D:13     | HP: 3/86 [fire giant/bolt of fire[the fury of Okawaru] (36)]
 16414 | D:13     | Killed from afar by a fire giant

Action                   |  1- 3 |  4- 6 |  7- 9 | 10-12 || total
-------------------------+-------+-------+-------+-------++-------
Melee: Unarmed           |    44 |    25 |       |       ||    69
       Falchion          |       |    13 |   143 |   185 ||   341
       Quarterstaff      |       |       |       |     4 ||     4
       Blowgun           |       |       |       |     2 ||     2
 Fire: Blowgun           |       |    41 |    45 |    81 ||   167
 Cast: Shock             |    54 |    85 |   244 |   411 ||   794
       Repel Missiles    |       |       |     2 |     9 ||    11
       Lightning Bolt    |       |       |    11 |    19 ||    30
       Swiftness         |       |       |     2 |     7 ||     9
       Flight            |       |       |       |     5 ||     5
 Abil: Breathe Noxious F |       |       |     7 |    38 ||    45
Evoke: Wand              |       |       |     1 |    22 ||    23
  Use: Scroll            |       |     9 |    16 |     7 ||    32
       Potion            |       |       |     3 |     8 ||    11
 Stab: Distracted        |       |     1 |     1 |       ||     2
       Sleeping          |       |       |     1 |       ||     1
       Confused          |       |       |       |     3 ||     3
